 Dungeon Crawl Stone Soup version 0.28-b1-1-g3c77fb2ed1 (webtiles) character file.

Game seed: 6944211567027225179

21 growler the Gusty (level 2, -1/15 HPs)
             Began as a Tengu Air Elementalist on Jan 29, 2022.
             Slain by an adder (3 damage)
             ... on level 2 of the Dungeon.
             The game lasted 00:02:11 (1288 turns).

growler the Gusty (Tengu Air Elementalist)          Turns: 1288, Time: 00:02:12

Health: -1/15      AC:  2    Str:  8    XL:     2   Next: 87%
Magic:  0/6        EV: 12    Int: 15    God:
Gold:   56         SH:  0    Dex: 14    Spells: 2/5 levels left

rFire   . . .      SeeInvis .   (no weapon)
rCold   . . .      Faith    .   (no shield)
rNeg    . . .      Spirit   .   a - +0 robe
rPois   .          Reflect  .   (helmet restricted)
rElec   .          Harm     .   (no cloak)
rCorr   .          Rampage  .   (no gloves)
Will    .....                   (boots unavailable)
Stlth   ++........              (no amulet)
HPRegen 0.05/turn               (no ring)
MPRegen 0.10/turn               (no ring)

@: lethally poisoned (-1 -> -3), very slightly contaminated
A: beak, talons 3
a: no special abilities


You were on level 2 of the Dungeon.
You visited 1 branch of the dungeon, and saw 2 of its levels.

You collected 56 gold pieces.

Inventory:

Armour
 a - a +0 robe (worn)
Scrolls
 e - 3 scrolls of fog {unknown}
 f - a scroll of summoning {unknown}
 g - a scroll of vulnerability {unknown}
Potions
 b - a potion of mutation {unknown}
 c - a potion of might {unknown}
 d - a potion of heal wounds {unknown}


   Skills:
 - Level 2.1 Dodging
 - Level 2.0 Stealth
 + Level 2.4 Spellcasting
 + Level 2.3 Conjurations
 + Level 4.5 Air Magic


You had 2 spell levels left.
You knew the following spells:

 Your Spells              Type           Power      Damage    Failure   Level
a - Shock                 Conj/Air       48%        1d6       5%          1
d - Static Discharge      Conj/Air       12%        N/A       8%          2

Your spell library contained the following spells:

 Spells                   Type           Power      Damage    Failure   Level
 Swiftness                Air            15%        N/A       10%         3
 Airstrike                Air            7%         N/A       32%         4


Dungeon Overview and Level Annotations

Branches:
Dungeon (2/15)

Altars:


Innate Abilities, Weirdness & Mutations

You have a beak for a mouth.
You have claws for feet.


Message History

a +0 dagger; 5 stones; a kobold corpse
Found 3 scrolls labelled ZISYULIYCIH.
You now have 45 gold pieces (gained 9).
e - 3 scrolls labelled ZISYULIYCIH
f - a scroll labelled TOAHAG SUDOOSU
Found 11 gold pieces.
You now have 56 gold pieces (gained 11).
Found a scroll labelled LEUMUP ENILE.
g - a scroll labelled LEUMUP ENILE
Found a ring mail.
You see here a ball python skeleton.
You see here 5 javelins.
Done exploring.
Done exploring.
There is an open door here.
There is a stone staircase leading down here.
You climb downwards.
There is a stone staircase leading up here.
That beam is likely to hit you.
Continue anyway? [Y]es or [N]o only, please.
That beam is likely to hit you.
Continue anyway? [Y]es or [N]o only, please.
That beam is likely to hit you.
Continue anyway?
Okay, then.
The adder hisses angrily.
The hobgoblin shouts!
The zap hits the hobgoblin. x2
You kill the hobgoblin!
There is a stone staircase leading up here.
The rat bites you.
The rat is struck by an arc of lightning!
You kill the rat!
The lightning grounds out.
The adder closely misses you.
The adder is struck by an arc of lightning.
You are struck by an arc of lightning.
The lightning grounds out.
The adder bites you.
* * * LOW HITPOINT WARNING * * *
You are lethally poisoned!
The adder poisons you!
* * * LOW HITPOINT WARNING * * *
You feel sick. The adder barely misses you.
* * * LOW HITPOINT WARNING * * *
You feel sick. The adder barely misses you.
* * * LOW HITPOINT WARNING * * *
You feel sick.
You miscast Shock.
You are very lightly contaminated with residual magic.
Nothing appears to happen.
* * * LOW HITPOINT WARNING * * *
You feel sick. The adder bites you.
You die...

##.......
#........##
#.........
#........#
##.....#.#
#........####.
#.............
.####.....<†.#####
.......@S..#.#
.####............
#....####.##.
###### .# . ..


You could see an adder.

Vanquished Creatures
  An endoplasm (D:1)
  A giant cockroach (D:1)
  2 goblins (D:1)
  4 hobgoblins
  4 jackals (D:1)
  A kobold (D:1)
  2 ball pythons (D:1)
  A bat (D:1)
  2 rats
18 creatures vanquished.

Notes
Turn   | Place    | Note
-------+----------+-------------------------------------------
     0 | D:1      | growler the Tengu Air Elementalist began the quest for the
                  | Orb.
     0 | D:1      | Reached XP level 1. HP: 10/10 MP: 4/4
   146 | D:1      | Reached XP level 2. HP: 14/15 MP: 0/6
   149 | D:1      | Learned a level 2 spell: Static Discharge
   862 | D:1      | Found a faded altar of an unknown god.
  1288 | D:2      | Slain by an adder

Illustrated notes

Levels and vault maps discovered:
D:1:      wheals_arrival_linesprint, layout_basic,
          shapermc_ecumenical_altar_hornbeckon, minmay_indecisive_spiral
D:2:      layout_rooms

Skill      XL: |  1  2 |
---------------+-------+-----
Conjurations   | 2 |  2.3
Dodging        | |  2.1
Stealth        | |  2.0
Spellcasting   | |  2.4
Air Magic      | |  4.5

Action                   || total
-------------------------++-------
Melee: Unarmed           ||    13
       Kick              ||     2
       Peck              ||     4
 Cast: Shock             ||    40
       Static Discharge  ||     2
Armor: Robe              ||     1
Dodge: Dodged            ||    18
